 Dungeon Sprint DCSS version 0.18.1-50-g88ac8fd (webtiles) character file.

189 Qew7 the Skirmisher (level 5, 46/48 HPs)
             Began as a Demonspawn Chaos Knight on Oct 27, 2016.
             Starved to death
             ... while paralysed
             ... in the Dungeon (Sprint IX: "|||||||||||||||||||||||||||||").
             The game lasted 00:03:36 (179 turns).

Qew7 the Skirmisher (Demonspawn Chaos Knight)        Turns: 179, Time: 00:03:37

Health: 46/48      AC: 22    Str: 17      XL:     5   Next: 40%
Magic:  5/5        EV:  2    Int: 16      God:    Xom [*.....]
Gold:   0          SH:  0    Dex: 11 (12) Spells: 0 memorised, 4 levels left

rFire  . . .     SeeInvis .     p - +2 halberd (protect)
rCold  . . .     Gourm    .     t - +1 chain mail
rNeg   . . .     Faith    .     (shield currently unavailable)
rPois  .         Spirit   .     (no helmet)
rElec  .         Dismiss  .     s - +0 cloak
rCorr  .         Reflect  .     r - +0 pair of gloves
SustAt .         Harm     .     (no boots)
MR     .....     NoTele   +     (no amulet)
Stlth  ..........               v - +3 ring of strength
                                u - +3 ring of intelligence

@: paralysed, very slightly contaminated, fainting, not resistant to hostile
enchantments, extremely unstealthy
A: hooves 1, iridescent scales 1
a: Renounce Religion


You were in the Dungeon.
You worshipped Xom.
You were a special plaything of Xom.
You were fainting.

You visited 1 branch

Inventory:

Hand Weapons
 a - a +0 spear of chaos
 p - a +2 halberd of protection (weapon)
 q - a +4 quarterstaff of speed
Armour
 b - a +2 leather armour
 j - a +0 scale mail
 r - a +0 pair of gloves (worn)
 s - a +0 cloak (worn)
 t - a +1 chain mail (worn)
Magical Staves
 o - an uncursed staff of energy
Jewellery
 u - a +3 ring of intelligence (left hand)
 v - a +3 ring of strength (right hand)
Wands
 n - a wand of lightning (7/15)
Scrolls
 i - 2 scrolls of blinking
 l - 3 scrolls of remove curse
 m - 2 scrolls of amnesia
Potions
 d - 5 potions of curing
 e - 3 potions of heal wounds
 f - a potion of haste
 g - 4 potions of magic
 h - a potion of berserk rage
 k - a potion of invisibility


   Skills:
 + Level 7.5 Fighting
 + Level 7.0 Polearms
 + Level 4.8 Armour
 + Level 1.5 Dodging


You had 4 spell levels left.
You didn't know any spells.

Dungeon Overview and Level Annotations

Branches:
Dungeon (1/1)

Altars:
Cheibriados
Dithmenos
Elyvilon
Fedhas
Gozag
Kikubaaqudgha
Makhleb
Nemelex Xobeh
Okawaru
Pakellas
Qazlal
Ru
Sif Muna
Trog
Vehumet
Xom
Yredelemnul
Zin
The Shining One
Beogh
Jiyva
Lugonu


Innate Abilities, Weirdness & Mutations

You have large cloven feet.
You are partially covered in iridescent scales (AC +4).


Message History

The quasit claws you but does no damage. x2
The quasit bites you but does no damage.
The quasit claws you but does no damage. x2
The quasit completely misses you.
The quasit claws you but does no damage. x2
The quasit bites you but does no damage.
The quasit claws you but does no damage. x2
The quasit bites you but does no damage.
The quasit barely misses you.
The quasit claws you but does no damage.
The quasit bites you but does no damage.
The quasit claws you but does no damage. x2
The quasit barely misses you.
The quasit claws you but does no damage.
The quasit claws you.
You emit a cloud of colourful smoke!
You feel clumsy.
You have starved to death.
You die...
Xom snickers!

▓.▓
▓.▓
▓.▓
▓§▓
▓§▓
▓§▓
▓§▓
▓5▓
▓@▓
▓§▓
▓§▓
▓+▓


You could see a quasit.

Vanquished Creatures
  A hungry ghost (D)
  A hound (D)
  An iguana (D)
  A giant gecko (D)
  2 orcs (D)
  2 hobgoblins (D)
  A jackal (D)
  A quokka (D)
  A ball python (D)
  A bat (D)
  A giant gecko skeleton (D)
  A giant newt (D)
  A jackal zombie (D)
15 creatures vanquished.

Notes
Turn   | Place    | Note
--------------------------------------------------------------
     0 | D        | Qew7 the Demonspawn Chaos Knight began the quest for the Orb.
     0 | D        | Reached XP level 1. HP: 18/18 MP: 1/1
     6 | D        | XOM: potion effect (might)
    18 | D        | Noticed a hound
    21 | D        | Gained mutation: You have large cloven feet. [demonic ancestry]
    21 | D        | Reached XP level 2. HP: 25/25 MP: 2/2
    25 | D        | Reached skill level 5 in Fighting
    25 | D        | Reached skill level 1 in Dodging
    25 | D        | Gained mutation: You are partially covered in iridescent scales (AC +4). [demonic ancestry]
    25 | D        | Reached XP level 3. HP: 33/33 MP: 3/3
    32 | D        | Found a glowing silver altar of Zin.
    32 | D        | Found a glowing golden altar of the Shining One.
    32 | D        | Found an ancient bone altar of Kikubaaqudgha.
    32 | D        | Found a basalt altar of Yredelemnul.
    32 | D        | Found a shimmering altar of Xom.
    32 | D        | Found a radiant altar of Vehumet.
    33 | D        | Found an iron altar of Okawaru.
    34 | D        | Found a burning altar of Makhleb.
    35 | D        | Found a deep blue altar of Sif Muna.
    36 | D        | Found a bloodstained altar of Trog.
    37 | D        | Found a sparkling altar of Nemelex Xobeh.
    38 | D        | Found a white marble altar of Elyvilon.
    39 | D        | Found a roughly hewn altar of Beogh.
    40 | D        | Found a viscous altar of Jiyva.
    41 | D        | Found a corrupted altar of Lugonu.
    42 | D        | Found a blossoming altar of Fedhas.
    43 | D        | Found a snail-covered altar of Cheibriados.
    44 | D        | Found a shadowy altar of Dithmenos.
    45 | D        | Found a stormy altar of Qazlal.
    46 | D        | Found an opulent altar of Gozag.
    47 | D        | Found a sacrificial altar of Ru.
    48 | D        | Found an oddly glowing altar of Pakellas.
   101 | D        | Noticed a hungry ghost
   106 | D        | Reached skill level 5 in Polearms
   115 | D        | XOM: potion effect (haste)
   120 | D        | XOM: potion effect (haste)
   127 | D        | Killed a hungry ghost
   127 | D        | Reached XP level 4. HP: 40/43 MP: 4/4
   127 | D        | Reached XP level 5. HP: 44/48 MP: 5/5
   145 | D        | Paralysed by fainting for 12 turns
   148 | D        | XOM: fog
   156 | D        | XOM: polymorph crimson imp -> quasit
   173 | D        | Paralysed by fainting for 11 turns
   178 | D        | XOM: smoke on damage
   179 | D        | Starved to death

Skill      XL: |  1  2  3 |
---------------+----------+-----
Armour         | 2 4 |  4.8
Polearms       | 3 4 7 |  7.0
Fighting       | 5 7 |  7.5
Dodging        | 1 |  1.5

Action                   |  1- 3 |  4- 6 || total
-------------------------+-------+-------++-------
Melee: Spear             |    14 |       ||    14
       Kick              |     8 |     7 ||    15
       Halberd           |    23 |    27 ||    50
  Eat: Bread ration      |     1 |       ||     1
Armor: Leather armour    |     2 |       ||     2
       Chain mail        |    17 |    60 ||    77
Dodge: Dodged            |     7 |    16 ||    23
